 Dungeon Crawl Stone Soup version 0.20.1-1-g8b1a95d (webtiles) character file.

162479 dvd the Impaler (level 17, -8/160 HPs)
             Began as a Hill Orc Monk on Oct 18, 2017.
             Was the Champion of Beogh.
             Mangled by an Ice Fiend (23 damage)
             ... in an ice cave on Oct 20, 2017.
             The game lasted 02:31:52 (33647 turns).

dvd the Impaler (Hill Orc Monk)                    Turns: 33647, Time: 02:31:53

Health: -8/160     AC: 25    Str: 20    XL:     17   Next: 51%
Magic:  25/25      EV: 19    Int: 14    God:    Beogh [******]
Gold:   2231       SH: 12    Dex: 18    Spells: 16/16 levels left

rFire    + + .     SeeInvis +   a - +10 trident of Lewo {drain, rPois Str+2 Int+4 Stlth-}
rCold    + . .     Gourm    .   K - +0 shield {reflect}
rNeg     . . .     Faith    .   W - +4 troll leather armour {Snorg}
rPois    +         Spirit   .   H - +2 helmet
rElec    +         Reflect  +   Z - +2 cloak {+Inv}
rCorr    +         Harm     .   E - +2 pair of gloves
MR       ++...                  R - +2 pair of boots {Stlth+}
Stlth    ++++......             d - amulet of rage
Regen    0.8/turn               F - ring of see invisible
MPRegen  0.2/turn               u - ring of protection from magic

@: resistant
A: walk on water, slimy green scales 1, thin skeletal structure 1, fire
resistance 1, high mp 1, sense surroundings 1, evolution 1, subdued magic 1,
sturdy frame 1
}: 1/15 runes: decaying
a: Smiting, Recall Orcish Followers, Give Item to Named Follower, Resurrection,
Renounce Religion, Evoke Berserk Rage, Evoke Invisibility


You were in an ice cave.
You worshipped Beogh.
Beogh was exalted by your worship.
You were not hungry.

You visited 5 branches of the dungeon, and saw 30 of its levels.
You also visited: Ice Cave and Volcano.

You collected 2301 gold pieces.
You spent 70 gold pieces at shops.

Inventory:

Hand Weapons
 a - the +10 trident of Lewo (weapon) {drain, rPois Str+2 Int+4 Stlth-}
   (You took it off an orc priest on level 8 of the Dungeon)

   A truly terrible weapon, it drains the life of those it strikes.
   It affects your strength (+2).
   It affects your intelligence (+4).
   It protects you from poison.
   It makes you less stealthy.
 b - a +2 eveningstar of pain
 e - a +2 flail of protection
 w - a +1 dire flail of holy wrath
 G - a +0 battleaxe of freezing
 S - the +1 dagger of Ascent {pierce, rPois Int+4 Dex+4}
   (You found it on level 3 of the Swamp)

   It inflicts extra damage upon your enemies.
   It affects your intelligence (+4).
   It affects your dexterity (+4).
   It protects you from poison.
 T - a +1 eveningstar of venom
Armour
 t - the +0 chain mail of the Manifold Moons {MR+ MP+9}
   (You found it on level 6 of the Lair of Beasts)

   It affects your resistance to hostile enchantments.
   It affects your magic capacity (+9).
 C - a +1 chain mail of fire resistance
 E - a +2 pair of gloves (worn)
 H - a +2 helmet (worn)
 J - a +2 cloak
 K - a +0 shield of reflection (worn)
 R - a +2 pair of boots of stealth (worn)
 W - a +4 troll leather armour (worn) {Snorg}
 Y - a +2 robe of the Archmagi
 Z - a +2 cloak of invisibility (worn)
Jewellery
 d - an amulet of rage (around neck)
 q - an uncursed ring of protection from fire
 u - a ring of protection from magic (right hand)
 v - an uncursed amulet of guardian spirit
 F - a ring of see invisible (left hand)
Wands
 k - a wand of flame (27/48)
 y - a wand of random effects (17/48)
 I - a wand of scattershot (3/9)
 N - a wand of digging (17/24)
 V - a wand of iceblast (5/15)
 X - a wand of lightning (8/15)
Scrolls
 f - 18 scrolls of remove curse
 g - a scroll of brand weapon
 h - 10 scrolls of identify
 j - a scroll of fear
 m - 7 scrolls of recharging
 O - 7 scrolls of teleportation
 P - a scroll of magic mapping
Potions
 n - a potion of brilliance
 s - 6 potions of resistance
 z - a potion of flight
 A - a potion of invisibility
 B - 6 potions of haste
 L - 9 potions of heal wounds
 M - 6 potions of agility
 Q - 2 potions of berserk rage
 U - 4 potions of curing
Comestibles
 c - 21 bread rations
 i - 12 meat rations
 o - 26 fruits
 p - 7 royal jellies


   Skills:
 + Level 16.6 Fighting
 + Level 13.1(17.7) Axes
 + Level 16.9(18.0) Polearms
 + Level 10.6 Armour
 + Level 10.8 Dodging
 + Level 8.4 Stealth
 + Level 8.6 Shields
 + Level 7.9 Invocations
 + Level 2.6 Evocations


You had 16 spell levels left.
You didn't know any spells.

Dungeon Overview and Level Annotations

Branches:
Dungeon (15/15)            Temple (0/1) D:4            Lair (6/6) D:10
  Swamp (4/4) Lair:3       Spider (3/4) Lair:3        Slime (0/5) Lair:6
    Orc (2/2) D:10         Vaults (0/5) D:13         Depths (0/5) D:15
    Elf: Orc:2

Altars:
Dithmenos
Elyvilon
Fedhas
Hepliaklqana
Kikubaaqudgha
Makhleb
Sif Muna
Uskayaw
Jiyva

Shops:
D:6 !((!   D:8 :   D:15 !   Orc:2 (=


Innate Abilities, Weirdness & Mutations

You can walk on water.
You are partially covered in slimy green scales. (AC +2)
You have a somewhat thin skeletal structure. (Dex +2, Stealth)
Your flesh is heat resistant. (rF+)
You have an increased reservoir of magic. (+10% MP)
You passively map a small area around you.
You evolve.
Your spells are a little easier to cast, but a little less powerful.
Your movements are slightly less encumbered by armour. (ER -2)


Message History

The Ice Fiend is lightly wounded.
The Ice Fiend barely misses you. You block the Ice Fiend's attack.
You hit the Ice Fiend.
The Ice Fiend is lightly wounded.
You hit the Ice Fiend but do no damage.
The Ice Fiend is lightly wounded.
The Ice Fiend calls on the powers of darkness!
Your body is wracked with pain!
* * * LOW HITPOINT WARNING * * *
You hit the Ice Fiend but do no damage.
The Ice Fiend is lightly wounded.
You block the Ice Fiend's attack. The Ice Fiend claws you!!
* * * LOW HITPOINT WARNING * * *
The Ice Fiend freezes you!! You resist.
* * * LOW HITPOINT WARNING * * *
Unknown command.
You feel much better. The Ice Fiend claws you!
* * * LOW HITPOINT WARNING * * *
The Ice Fiend freezes you!! You resist.
You die...

#.+,,,, ,+ #.# * * *
##.#, * #
######8.#+#+#+#+# #
#.......#.......+ ,+
#.#####.#.8.8.8.#####
##.#!!!#.#............
#8.'?⌠1#.'............
##^#!@)#.#............
#.#####.#.8.8.8.#####
#.., ..#.......+ +
###* #8.#+#+#+#+# * #
##.# , * # #.# ** #. ,
, , *


You could see an Ice Fiend.

Vanquished Creatures
  Jorgrun (Swamp:4)
  3 thorn hunters
  A frost giant (D:15)
  Donald (Swamp:1)
  2 ghost moths (Spider:2)
  An entropy weaver (Spider:1)
  An ogre mage (Orc:1)
  Harold (Lair:1)
  A ghost crab (Swamp:1)
  8 hydras
  A catoblepas (Lair:6)
  4 alligators
  3 centaur warriors
  4 vault guards (D:13)
  An ice dragon (D:9)
  Erica (D:8)
  2 two-headed ogres
  A tengu warrior (D:14)
  An orc high priest (Orc:1)
  4 death yaks (Lair:5)
  6 swamp dragons
  2 spriggan druids
  3 fire crabs
  4 unseen horrors
  2 lindwurms
  A wizard (D:15)
  5 shambling mangroves
  2 ugly things
  An orb spider (Spider:2)
  2 deep elf magi (D:15)
  8 wolf spiders
  The ghost of Ymberto the Thaumaturge, a novice DEFE of Sif Muna (D:7)
  An orc knight (Orc:1)
  A cyclops (D:13)
  2 manticores (Lair:6)
  4 oklob plants
  A moth of wrath (Spider:2)
  A black mamba (Lair:6)
  A centaur zombie (D:12)
  2 ice statues (IceCv)
  A gargoyle (D:14)
  A guardian serpent (D:9)
  7 spiny frogs
  2 torpor snails (Spider:3)
  A kobold demonologist (D:14)
  2 rime drakes (Lair:6)
  2 demonic crawlers
  7 komodo dragons
  A tengu conjurer (D:15)
  2 polar bears (Lair:5)
  A redback zombie (D:14)
  4 ice devils (IceCv)
  3 meliai (D:15)
  2 trolls
  6 jumping spiders
  10 hornets
  2 tyrant leeches
  A dream sheep (Lair:6)
  9 hippogriffs
  11 blink frogs
  8 slime creatures
  5 bog bodies
  A vampire (D:9)
  26 redbacks
  2 shadows
  7 tarantellas
  11 spriggans
  3 yaks
  A wraith (D:13)
  4 wyverns
  2 steam dragons
  12 fire bats (Volcano)
  A basilisk (Lair:6)
  Menkaure (D:7)
  8 vampire mosquitoes
  2 hungry ghosts
  16 swamp worms
  4 water moccasins
  4 insubstantial wisps
  6 porcupines
  6 sky beasts
  A phantom (D:7)
  5 orc warriors
  14 swamp drakes
  3 black bears
  An ice beast (D:9)
  8 ogres
  An eye of draining (D:13)
  3 wolves
  9 centaurs
  7 crocodiles
  3 boggarts (D:13)
  A big kobold (D:10)
  13 bullfrogs
  A wyvern zombie (D:13)
  3 scorpions
  9 killer bees
  5 wights
  3 howler monkeys (D:10)
  4 electric eels
  2 lava snakes (Swamp:4)
  8 crimson imps
  2 jellies
  2 quasits
  7 hounds
  7 orc priests
  5 centaur skeletons
  10 orc wizards
  A bullfrog skeleton (D:5)
  5 iguanas
  6 worker ants
  3 hound zombies
  A hound skeleton (D:5)
  2 worker ant zombies
  3 gnolls (Orc:1)
  21 adders
  3 shadow imps
  An adder skeleton (D:7)
  6 worms
  2 dart slugs
  8 leopard geckos
  15 orcs
  2 ball pythons
  11 giant cockroaches
  7 hobgoblins
  13 jackals
  3 quokkas
  A ball python skeleton (D:4)
  7 bats
  6 frilled lizards
  10 goblins
  17 kobolds
  6 rats
  6 briar patches (Swamp:1)
600 creatures vanquished.

Vanquished Creatures (collateral kills)
  A thorn hunter (Swamp:3)
  Agnes (D:15)
  The ghost of TenguReborn the Quickloader, an adept TeHu of Makhleb (Spider:3)
  An emperor scorpion (Spider:3)
  2 entropy weavers (Spider:1)
  Nessos (Lair:6)
  2 dire elephants
  Snorg (Lair:4)
  3 fire dragons (Swamp:4)
  Fannar (Lair:3)
  4 vault guards (D:13)
  A great orb of eyes (D:15)
  3 orc knights
  The ghost of Britaniac the Thaumaturge, a journeyman DEEE of Vehumet (Lair:3)
  6 hydras
  A catoblepas (Lair:6)
  4 two-headed ogres
  A centaur warrior (D:15)
  2 death yaks (Lair:5)
  2 alligators (Swamp:1)
  A fire crab (Swamp:4)
  2 swamp dragons (Swamp:4)
  A spriggan druid (Swamp:3)
  2 shambling mangroves
  A lindwurm (Lair:6)
  7 orb spiders
  An orc sorcerer (Orc:1)
  12 wolf spiders
  A deep elf mage (D:12)
  A salamander (D:15)
  5 ugly things (Swamp:3)
  A moth of wrath (Spider:3)
  2 torpor snails
  A black mamba (Lair:6)
  An ice statue (Spider:3)
  A centaur skeleton (D:12)
  8 spiny frogs
  5 komodo dragons
  A rime drake (Lair:6)
  A redback zombie (D:14)
  7 demonic crawlers
  3 tengu conjurers
  2 polar bears
  9 hornets
  3 meliai (D:15)
  2 trolls
  2 tyrant leeches
  26 jumping spiders
  11 slime creatures
  3 bog bodies
  7 blink frogs
  3 hippogriffs
  47 redbacks
  5 spriggans
  24 tarantellas
  A wraith (D:11)
  A wyvern (Lair:6)
  A hungry ghost (D:13)
  5 yaks
  6 vampire mosquitoes
  2 steam dragons (Swamp:4)
  7 insubstantial wisps
  8 swamp worms
  A warg (Orc:1)
  9 water moccasins
  3 porcupines
  3 orc warriors
  A sky beast (D:8)
  3 swamp drakes
  3 ogres
  2 wolves (Lair:3)
  6 centaurs
  2 crocodiles
  A big kobold (D:8)
  4 bullfrogs
  A wyvern skeleton (D:13)
  A scorpion (D:9)
  5 killer bees
  A howler monkey (D:12)
  3 wights
  An electric eel (Lair:6)
  A bullfrog zombie (D:11)
  A quasit (D:12)
  2 crimson imps
  A hound (D:13)
  An orc priest (Orc:1)
  2 jellies
  2 orc wizards
  An iguana (D:13)
  A worker ant (D:10)
  An adder (D:8)
  A gnoll (Orc:1)
  6 orcs
  2 kobolds (D:10)
  2 quokkas
  9 briar patches
  3 butterflies
  30 fungi
  16 plants
411 creatures vanquished.

Vanquished Creatures (others)
  An orc warlord (Spider:3)
  A hell hog (Volcano)
  4 orc knights
  An orc sorcerer (Swamp:3)
  2 steam dragons (Swamp:4)
  10 orc warriors
  8 orc wizards
  10 orc priests
  28 orcs
  10 fungi
  6 plants
81 creatures vanquished.

Grand Total: 1092 creatures vanquished

Notes
Turn   | Place    | Note
-------+----------+-------------------------------------------
     0 | D:1      | dvd the Hill Orc Monk began the quest for the Orb.
     0 | D:1      | Reached XP level 1. HP: 19/19 MP: 1/1
   164 | D:1      | Reached XP level 2. HP: 25/27 MP: 2/2
   940 | D:1      | Reached XP level 3. HP: 33/33 MP: 3/3
  1265 | D:1      | Reached skill level 5 in Axes
  1516 | D:2      | Found a shadowy altar of Dithmenos.
  1769 | D:2      | Reached XP level 4. HP: 20/40 MP: 4/4
  2630 | D:2      | Reached XP level 5. HP: 33/46 MP: 5/5
  3171 | D:3      | Reached skill level 1 in Armour
  3352 | D:3      | Found a deep blue altar of Sif Muna.
  3375 | D:3      | Found a faded altar of an unknown god.
  3521 | D:3      | Found a white marble altar of Elyvilon.
  4339 | D:4      | Found a staircase to the Ecumenical Temple.
  4363 | D:4      | Reached XP level 6. HP: 50/53 MP: 6/6
  4457 | D:4      | Found an ancient bone altar of Kikubaaqudgha.
  4458 | D:4      | Found a hide-covered altar of Uskayaw.
  4778 | D:4      | HP: 2/53 [frilled lizard (1)]
  5524 | D:4      | Became a worshipper of Beogh the Brigand
  5524 | D:4      | Reached * piety under Beogh
  5524 | D:4      | Reached ** piety under Beogh
  5668 | D:5      | Entered Level 5 of the Dungeon
  5824 | D:5      | Noticed a sky beast
  6143 | D:4      | Gained mutation: You have a pair of small horns on your head. [potion of mutation]
  6143 | D:4      | Gained mutation: Your flesh is heat resistant. (rF+) [potion of mutation]
  6143 | D:4      | Gained mutation: You have sharp fingernails. [potion of mutation]
  6153 | D:4      | Reached XP level 7. HP: 5/60 MP: 3/7
  7170 | D:5      | Reached skill level 5 in Fighting
  7174 | D:5      | Gained mutation: Your spells are a little easier to cast, but a little less powerful. [mutagenic meat]
  7175 | D:5      | Gained mutation: You tend to lose your temper in combat. [mutagenic meat]
  7248 | D:5      | Reached skill level 5 in Armour
  7248 | D:5      | Reached skill level 1 in Invocations
  7248 | D:5      | Reached XP level 8. HP: 54/68 MP: 8/8
  7988 | D:6      | Reached skill level 10 in Axes
  8318 | D:6      | Found Firarrixy's Distillery.
  8320 | D:6      | Found Niudiut's Weapon Shoppe.
  8321 | D:6      | Found Xaywka's Distillery.
  8322 | D:6      | Found Qurren's Antique Weapon Shoppe.
  8336 | D:6      | Reached *** piety under Beogh
  8381 | D:6      | Found a blossoming altar of Fedhas.
  8480 | D:6      | Bought a potion of heal wounds for 70 gold pieces
  8538 | D:7      | Noticed Menkaure
  8545 | D:7      | Killed Menkaure
  8545 | D:7      | Reached XP level 9. HP: 57/75 MP: 10/10
  8752 | D:7      | Noticed Ymberto's ghost (novice DEFE)
  8758 | D:7      | Killed Ymberto's ghost
  9864 | D:8      | Found Qaleej's Book Emporium.
  9963 | D:8      | Noticed Erica
  9975 | D:8      | HP: 1/79 [Erica/bolt of poison (33)]
  9987 | D:8      | Killed Erica
  9987 | D:8      | Reached skill level 1 in Evocations
  9987 | D:8      | Reached XP level 10. HP: 26/86 MP: 1/11
 10613 | D:8      | Got a translucent trident {drain}
 10614 | D:8      | Identified the +10 trident of Lewo {drain, rPois Str+2 Int+4 Stlth-} (You took it off an orc priest on level 8 of the Dungeon)
 10651 | D:8      | Gained mutation: Your flesh is cold resistant. (rC+) [mutagenic meat]
 10655 | D:8      | Gained mutation: You are somewhat resistant to further mutation. [mutagenic meat]
 10943 | D:9      | Reached **** piety under Beogh
 11221 | D:9      | Found a transporter.
 11229 | D:9      | Found a transporter.
 11269 | D:9      | Reached skill level 1 in Polearms
 11466 | D:9      | Found a hazy altar of Hepliaklqana.
 11466 | D:9      | Noticed an ice dragon
 11703 | D:9      | Noticed a guardian serpent
 11709 | D:9      | Killed a guardian serpent
 11713 | D:9      | Gained mutation: Scrolls take you a little longer to read. [mutagenic meat]
 11717 | D:9      | Gained mutation: You are resistant to hostile enchantments. (MR+) [mutagenic meat]
 12003 | D:10     | Entered Level 10 of the Dungeon
 12196 | D:10     | Found a staircase to the Orcish Mines.
 12385 | D:10     | Reached skill level 5 in Polearms
 12385 | D:10     | Reached XP level 11. HP: 82/94 MP: 12/12
 12483 | D:10     | Found a staircase to the Lair.
 12665 | D:10     | Paralysed by a hornet for 1 turns
 12667 | D:10     | Reached ***** piety under Beogh
 12698 | D:10     | Noticed a two-headed ogre
 12702 | D:10     | Killed a two-headed ogre
 12772 | D:10     | Noticed a two-headed ogre
 12781 | D:10     | Killed a two-headed ogre
 13581 | D:11     | Killed an unseen horror
 13599 | D:11     | Reached skill level 5 in Dodging
 13760 | D:11     | Found a burning altar of Makhleb.
 13837 | Lair:1   | Entered Level 1 of the Lair of Beasts
 14062 | Lair:1   | Noticed an oklob plant
 14166 | Lair:1   | Noticed Harold
 14178 | Lair:1   | Killed Harold
 14240 | Lair:1   | Noticed an oklob plant
 14363 | Lair:1   | Noticed a lindwurm
 14370 | Lair:1   | Killed a lindwurm
 14413 | Lair:1   | Found a dark tunnel.
 14421 | Volcano  | Entered a volcano
 14437 | Volcano  | Noticed a fire crab
 14444 | Volcano  | Reached XP level 12. HP: 102/106 MP: 13/13
 14451 | Volcano  | Reached skill level 10 in Polearms
 14652 | Volcano  | Reached skill level 10 in Fighting
 14667 | Volcano  | Noticed a hell hog
 14694 | Volcano  | Killed a hell hog
 15219 | Lair:2   | Gained Orik as an ally
 15256 | Lair:2   | Gained Bogbarth as an ally
 15957 | Lair:3   | Found a hole to the Spider Nest.
 16054 | Lair:3   | Noticed Fannar
 16064 | Lair:3   | Killed Fannar
 16151 | Lair:3   | Noticed Britaniac's ghost (journeyman DEEE)
 16160 | Lair:3   | Killed Britaniac's ghost
 16167 | Lair:3   | Found a staircase to the Swamp.
 16795 | Lair:4   | Noticed Snorg
 16803 | Lair:4   | Killed Snorg
 17061 | Lair:4   | Reached XP level 13. HP: 115/115 MP: 16/16
 18219 | Lair:5   | Reached skill level 5 in Invocations
 18337 | Lair:6   | Entered Level 6 of the Lair of Beasts
 18388 | Lair:6   | Noticed Nessos
 18397 | Lair:6   | Killed Nessos
 18418 | Lair:6   | Gained Oreg as an ally
 18665 | Lair:6   | Your ally Orik died
 18889 | Lair:6   | Your ally Bogbarth died
 18903 | Lair:6   | Reached ****** piety under Beogh
 18908 | Lair:6   | Gained Orkrul as an ally
 19256 | Lair:6   | Noticed a dire elephant
 19262 | Lair:6   | Killed a dire elephant
 19265 | Lair:6   | Reached XP level 14. HP: 95/126 MP: 18/18
 19334 | Lair:6   | Got a jasper-encrusted chain mail
 19345 | Lair:6   | Identified the cursed +0 chain mail of the Manifold Moons {MR+ MP+9} (You found it on level 6 of the Lair of Beasts)
 19373 | Lair:6   | Got a crystal hand axe
 19374 | Lair:6   | Identified the +3 hand axe "Pype Ytema" {chop, +Rage rC- Str+2} (You found it on level 6 of the Lair of Beasts)
 19529 | Lair:6   | Found a viscous altar of Jiyva.
 19529 | Lair:6   | Found a staircase to the Slime Pits.
 19891 | D:9      | Gained Bogwik as an ally
 20252 | D:12     | Reached skill level 10 in Armour
 20375 | D:12     | Lost mutation: You are resistant to hostile enchantments. (MR+) [potion of mutation]
 20375 | D:12     | Lost mutation: You have sharp fingernails. [potion of mutation]
 20375 | D:12     | Gained mutation: You have an increased reservoir of magic. (+10% MP) [potion of mutation]
 20376 | D:12     | Lost mutation: You are somewhat resistant to further mutation. [potion of mutation]
 20376 | D:12     | Lost mutation: Scrolls take you a little longer to read. [potion of mutation]
 20376 | D:12     | Lost mutation: You have a pair of small horns on your head. [potion of mutation]
 20376 | D:12     | Lost mutation: Your flesh is cold resistant. (rC+) [potion of mutation]
 20376 | D:12     | Gained mutation: You are partially covered in slimy green scales. (AC +2) [potion of mutation]
 20376 | D:12     | Gained mutation: You evolve. [potion of mutation]
 20376 | D:12     | Gained mutation: You have a somewhat thin skeletal structure. (Dex +2, Stealth) [potion of mutation]
 20526 | D:12     | Gained Argrim as an ally
 20672 | D:12     | Reached skill level 5 in Stealth
 20715 | D:12     | Gained mutation: You passively map a small area around you. [evolution]
 20991 | D:13     | Found a gate to the Vaults.
 21309 | D:13     | Reached skill level 15 in Polearms
 22320 | D:14     | Gained Arkwar as an ally
 22567 | D:15     | Entered Level 15 of the Dungeon
 22570 | D:15     | Reached XP level 15. HP: 137/137 MP: 21/21
 22596 | D:15     | Found Toaryif's Distillery.
 22601 | D:15     | Reached skill level 1 in Shields
 22684 | D:15     | Your ally Orkrul died
 22853 | D:15     | Noticed Agnes
 22867 | D:15     | Killed Agnes
 23013 | D:15     | Gained mutation: Your movements are slightly less encumbered by armour. (ER -2) [evolution]
 23163 | D:15     | Found a staircase to the Depths.
 23180 | D:15     | Your ally Oreg died
 23513 | D:15     | Noticed a frost giant
 23522 | D:15     | Killed a frost giant
 23975 | Orc:1    | Entered Level 1 of the Orcish Mines
 23982 | Orc:1    | Gained Boderik as an ally
 24147 | Spider:1 | Entered Level 1 of the Spider Nest
 24157 | Spider:1 | Your ally Arkwar died
 25184 | Spider:1 | Gained Urtork as an ally
 25263 | Swamp:1  | Entered Level 1 of the Swamp
 26164 | Swamp:1  | Your ally Boderik died
 26276 | Swamp:1  | Noticed a thorn hunter
 26294 | Swamp:1  | Killed a thorn hunter
 26598 | Swamp:1  | Noticed a thorn hunter
 26618 | Swamp:1  | Killed a thorn hunter
 26618 | Swamp:1  | Reached skill level 15 in Fighting
 26618 | Swamp:1  | Reached XP level 16. HP: 68/149 MP: 23/23
 26741 | Swamp:1  | Lost mutation: You tend to lose your temper in combat. [evolution]
 26843 | Swamp:1  | Noticed Donald
 26854 | Swamp:1  | Killed Donald
 26855 | Swamp:1  | HP: 5/149 [seven-headed hydra (7)]
 27390 | Swamp:2  | Reached skill level 5 in Shields
 28423 | Swamp:3  | Reached skill level 10 in Dodging
 28612 | Swamp:3  | Noticed a thorn hunter
 28624 | Swamp:3  | Killed a thorn hunter
 28766 | Swamp:3  | Killed a thorn hunter
 28837 | Swamp:3  | Gained Syrus as an ally
 28937 | Swamp:3  | Got a transparent dagger
 28938 | Swamp:3  | Identified the +1 dagger of Ascent {pierce, rPois Int+4 Dex+4} (You found it on level 3 of the Swamp)
 29124 | Swamp:4  | Entered Level 4 of the Swamp
 29161 | Swamp:4  | Noticed Jorgrun
 29170 | Swamp:4  | Killed Jorgrun
 29642 | Swamp:4  | Your ally Bogwik died
 29691 | Swamp:4  | Your ally Syrus died
 30666 | Orc:2    | Entered Level 2 of the Orcish Mines
 30680 | Orc:2    | Found Yxelal's Weapon Emporium.
 30684 | Orc:2    | Found Emeufoupp's Jewellery Boutique.
 31096 | Swamp:4  | Reached XP level 17. HP: 151/158 MP: 25/25
 31184 | Swamp:4  | Got a decaying rune of Zot
 32951 | Spider:3 | Noticed TenguReborn's ghost (adept TeHu)
 32955 | Spider:3 | Gained Orbeogh as an ally
 32965 | Spider:3 | Killed TenguReborn's ghost
 33008 | Spider:3 | Your ally Argrim died
 33420 | Spider:3 | Found a frozen archway.
 33439 | IceCv    | Entered an ice cave
 33637 | IceCv    | Noticed an Ice Fiend
 33646 | IceCv    | HP: 4/160 [Ice Fiend (18)]
 33647 | IceCv    | Mangled by an Ice Fiend

Skill      XL: |  1  2  3  4  5  6  7  8  9 10 11 12 13 14 15 16 17 |
---------------+----------------------------------------------------+-----
Fighting       | 4 5 6 7 8 9 10 12 13 15 16 | 16.6
Axes           | 5 6 7 8 10 12 13 | 13.1
Armour         | 1 3 5 6 8 9 10 | 10.6
Dodging        | 3 4 5 6 7 8 9 10 | 10.8
Invocations    | 1 2 4 5 6 7 |  7.9
Stealth        | 2 3 4 5 7 8 |  8.4
Evocations     | 1 2 |  2.6
Polearms       | 5 9 12 14 15 16 | 16.9
Shields        | 4 7 8 |  8.6

Action                   |  1- 3 |  4- 6 |  7- 9 | 10-12 | 13-15 | 16-18 || total
-------------------------+-------+-------+-------+-------+-------+-------++-------
Melee: Hand axe          |   122 |   457 |   143 |       |       |       ||   722
       Headbutt          |       |     1 |    65 |    93 |    64 |       ||   223
       War axe           |       |       |   218 |    31 |       |       ||   249
       Trident           |       |       |       |   423 |   884 |   768 ||  2075
Invok: Smiting           |       |     1 |     4 |     4 |    11 |       ||    20
       Convert to Beogh  |       |     1 |       |       |       |       ||     1
       Recall Orcish Fol |       |       |       |    11 |    29 |    28 ||    68
       Give Item to Name |       |       |       |     2 |     7 |     2 ||    11
       Resurrection      |       |       |       |       |     2 |     1 ||     3
 Abil: Evoke Berserk Rag |       |       |     1 |       |       |       ||     1
Evoke: Wand              |       |       |       |       |    13 |    20 ||    33
  Use: Scroll            |       |     7 |     3 |    13 |    11 |    11 ||    45
       Potion            |       |     7 |     5 |     4 |     6 |     5 ||    27
 Stab: Sleeping          |     1 |     2 |       |       |    21 |    15 ||    39
       Distracted        |       |       |       |     2 |    10 |     9 ||    21
       Paralysed         |       |       |       |       |       |     2 ||     2
  Eat: Chunk             |     3 |    13 |    11 |    46 |    29 |    16 ||   118
       Meat ration       |       |       |     1 |       |       |     2 ||     3
       Royal jelly       |       |       |       |     1 |     1 |       ||     2
       Fruit             |       |       |       |       |       |     2 ||     2
Armor: Ring mail         |    48 |    44 |       |    26 |       |       ||   118
       Robe              |     2 |       |       |       |       |       ||     2
       Scale mail        |       |   148 |   141 |    42 |       |       ||   331
       Troll leather arm |       |       |       |    88 |   306 |   323 ||   717
Dodge: Dodged            |    71 |   254 |   199 |   271 |   558 |   480 ||  1833
Block: Buckler           |       |       |       |       |    79 |     6 ||    85
       Shield            |       |       |       |       |       |   375 ||   375
       Reflection        |       |       |       |       |       |     5 ||     5
